Map: Acid Plant LE

Players

RAIL

  • Race: Protoss Protoss
  • Spawn Location: 5:00

Lillekanin - Winner!

  • Race: Terran Terran
  • Spawn Location: 11:00

Event: WCS Leipzig 2018

VOD

Have the link to the VOD?

Description

Time

  • Played on: Jan. 26, 2018, 10:14 a.m.
  • Length: 6:02

All games in this series

Show
View Real Time Build Order
Export as new Build Order

RAIL Protoss 

Build Orders: 1 Gate Expand, Blink Stalkers 

Get SALT Encoding   

  12  0:00  Probe  
  13  0:12  Probe  
  14  0:18  Pylon  
  14  0:24  Probe  
  15  0:37  Probe (Chrono Boost), Gateway  
  16  0:46  Assimilator  
  16  0:47  Probe (Chrono Boost)  
  17  0:52  Probe (Chrono Boost)  
  18  1:03  Probe  
  19  1:20  Nexus  
  19  1:30  Cybernetics Core  
  19  1:32  Probe (Chrono Boost)  
  20  1:38  Assimilator  
  20  1:42  Probe (Chrono Boost)  
  21  1:48  Probe, Pylon  
  22  2:00  Probe  
  23  2:04  Stalker (Chrono Boost)  
  23  2:07  Warp Gate  
  25  2:12  Probe  
  26  2:25  Twilight Council  
  26  2:26  Zealot  
  26  2:28  Probe  
  29  2:33  Probe  
  30  2:40  Probe  
  31  2:46  Probe  
  32  2:53  Probe (Chrono Boost), Stalker  
  32  2:56  Blink (Chrono Boost)  
  36  2:58  Probe (Chrono Boost)  
  37  3:06  Probe (Chrono Boost)  
  37  3:10  Probe (Chrono Boost)  
  37  3:11  Pylon  
  38  3:13  Probe (Chrono Boost)  
  38  3:15  Probe (Chrono Boost)  
  38  3:18  Shield Battery  
  38  3:19  Probe  
  40  3:25  Stalker  
  43  3:28  Probe  
  44  3:35  Gateway  
  44  3:37  Probe  
  45  3:42  Gateway  
  45  3:43  Probe  
  46  3:51  Robotics Facility  
  46  3:52  Probe  
  47  3:56  Probe  
  48  4:09  Nexus  
  48  4:17  Stalker, Pylon  
  48  4:24  Probe x2  
  51  4:31  Stalker, Forge  
  54  4:36  Probe  
  56  4:38  Observer  
  56  4:45  Gateway  
  56  4:46  Stalker  
  56  4:47  Probe  
  56  4:49  Pylon  
  56  4:51  Assimilator  
  59  4:54  Gateway  
  60  5:00  Observer  
  60  5:02  Stalker, Pylon  
  60  5:08  Stalker  
  60  5:09  Probe  
  55  5:17  Stalker  
  55  5:21  Probe  
  54  5:28  Probe  
  54  5:32  Stalker  
  54  5:34  Stalker  
  51  5:45  Zealot x2  
  51  5:47  Probe  
  50  5:58  Zealot x2  
Show
View Real Time Build Order
Export as new Build Order

Lillekanin Terran - Winner!

Build Orders:  

Get SALT Encoding   

  12  0:00  SCV  
  13  0:12  SCV  
  14  0:17  Supply Depot  
  14  0:25  SCV  
  15  0:29  Refinery  
  15  0:39  SCV  
  16  0:46  Barracks  
  16  0:51  SCV  
  17  1:03  SCV  
  18  1:15  SCV  
  20  1:33  Marine  
  20  1:34  Orbital Command  
  20  1:49  Command Center  
  20  2:00  SCV  
  21  2:02  Barracks Reactor  
  21  2:10  Factory  
  21  2:14  SCV  
  22  2:21  Supply Depot  
  22  2:26  SCV  
  23  2:32  Factory  
  23  2:41  Refinery  
  23  2:42  SCV, Marine  
  25  2:45  Marine  
  26  2:54  SCV, Widow Mine  
  29  3:02  Orbital Command  
  29  3:05  Marine  
  30  3:06  Marine  
  30  3:12  SCV  
  32  3:17  Cyclone  
  35  3:27  Cyclone  
  35  3:28  Marine  
  35  3:30  Marine  
  35  3:32  SCV  
  41  3:37  SCV  
  41  3:40  Supply Depot  
  42  3:44  SCV  
  43  3:50  Cyclone  
  46  3:59  Supply Depot  
  46  4:04  Cyclone  
  46  4:06  Marine  
  46  4:08  SCV  
  46  4:09  SCV  
  52  4:19  Marine  
  52  4:23  SCV, Cyclone  
  57  4:24  Marine  
  58  4:37  Engineering Bay, Marine  
  59  4:46  Cyclone  
  56  5:14  Bunker  
  56  5:16  Cyclone  
  58  5:23  Cyclone  
  58  5:28  Marine  
  53  5:42  Marine  
Tags
 
Add a new tag
Caveats
  • Supply blocks, unpowered buildings, or Contaminate may cause inaccurate times.
  • Supply counts are checked every 10 seconds.